 Dungeon Crawl Stone Soup version 0.18-a0-1511-g2a0da85 (webtiles) character file.

77 useraccount the Shield-Bearer (level 4, -2/37 HPs)
             Began as a Formicid Fighter on Feb 27, 2016.
             Slain by a quokka (4 damage)
             ... on level 2 of the Dungeon.
             The game lasted 00:01:03 (1689 turns).

useraccount the Shield-Bearer (Formicid Fighter)    Turns: 1689, Time: 00:01:03

Health: -2/37      AC:  7    Str: 27    XL:     4   Next: 58%
Magic:  4/4        EV:  6    Int:  7    God:
Gold:   30         SH:  8    Dex: 10    Spells: 0 memorised, 3 levels left

rFire  . . .     SeeInvis +     a - +0 war axe
rCold  . . .     Gourm    .     b - +0 scale mail
rNeg   . . .     Faith    .     c - +0 shield
rPois  .         Spirit   .     (helmet unavailable)
rElec  .         Dismiss  .     (no cloak)
rCorr  .         Reflect  .     l - +0 pair of gloves
SustAt .         Harm     .     (no boots)
MR     .....                    (no amulet)
Stlth  ..........               (no ring)
                                (no ring)

@: mighty, lethally poisoned (-2 -> -12), very heavily drained, not resistant to
hostile enchantments, extremely unstealthy
A: permanent stasis, dig shafts and tunnels, four strong arms, antennae 3
a: Dig, Shaft Self


You were on level 2 of the Dungeon.
You were not hungry.

You visited 1 branch of the dungeon, and saw 2 of its levels.

You collected 30 gold pieces.

Inventory:

Hand Weapons
 a - a +0 war axe (weapon)
Armour
 b - a +0 scale mail (worn)
 c - a +0 shield (worn)
 l - a +0 pair of gloves (worn)
Jewellery
 m - an uncursed ring of resist corrosion {unknown}
Scrolls
 e - 3 scrolls of remove curse {unknown}
 h - 2 scrolls of identify {unknown}
 j - a scroll of enchant armour {unknown}
 n - a scroll of recharging {unknown}
Potions
 d - 2 potions of might
Comestibles
 f - 2 bread rations
 g - 5 chunks of flesh
 i - 4 fruits


   Skills:
 + Level 3.7(0.0) Fighting
 * Level 3.0(0.0) Axes
 + Level 3.8(0.0) Armour
 + Level 1.0(0.0) Dodging
 + Level 4.1(0.0) Shields


You had 3 spell levels left.
You didn't know any spells.

Dungeon Overview and Level Annotations

Branches:
Dungeon (2/15)

Altars:


Innate Abilities, Weirdness & Mutations

You are under a permanent stasis effect.
You can dig through walls and to a lower floor.
Your four strong arms can wield two-handed weapons with a shield.
You have a pair of large antennae on your head (SInv).


Message History

* * * LOW HITPOINT WARNING * * *
You feel sick.
The jackal bites you but does no damage.
You block the adder's attack. The quokka closely misses you.
You block the jackal's attack. The adder bites you but does no damage.
The kobold closely misses you.
Drink which item? (? for menu, Esc to quit)
You feel very mighty all of a sudden.
* * * LOW HITPOINT WARNING * * *
You feel sick. You block the quokka's attack.
The jackal bites you but does no damage.
The adder completely misses you. You block the kobold's attack.
You are too injured to fight recklessly!
You completely miss the quokka. You closely miss the adder.
Your shield prevents you from hitting the kobold.
You slash the jackal!
You kill the jackal!
* * * LOW HITPOINT WARNING * * *
You feel sick. The quokka bites you.
You die...

# ########## #
#........# #
#.######.###############
#.#### #......>.##...)(.
#....##########....#####
#.......# ######
#......(# #.....K@#
.........rS.#
#.##......g#.# #
#.......#<.? .........#
#.. .........# ..#
####..##.# ... #.. #..
#.


You could see an adder, a quokka, a goblin and a kobold.

Vanquished Creatures
  Ijyb (D:2)
  An ooze (D:1)
  2 dart slugs
  3 bats
  5 giant cockroaches
  4 goblins
  5 hobgoblins
  8 jackals (D:2)
  A ball python (D:1)
  A giant newt (D:2)
  3 kobolds
  5 rats
39 creatures vanquished.

Notes
Turn   | Place    | Note
--------------------------------------------------------------
     0 | D:1      | useraccount the Formicid Fighter began the quest for the Orb.
     0 | D:1      | Reached XP level 1. HP: 18/18 MP: 1/1
   125 | D:1      | Reached XP level 2. HP: 24/24 MP: 2/2
   666 | D:1      | Reached XP level 3. HP: 26/29 MP: 3/3
  1038 | D:2      | Noticed Ijyb
  1068 | D:2      | Killed Ijyb
  1068 | D:2      | Reached skill level 4 in Shields
  1068 | D:2      | Reached XP level 4. HP: 18/37 MP: 4/4
  1686 | D:2      | Reached skill level 1 in Dodging
  1689 | D:2      | Slain by a quokka

Vault maps used:
D:1:      dpeg_arrival_stone_temple_mockup, hangedman_decor_peaks_small,
          minivault_4, amethyst_killhole
D:2:      gammafunk_temple_overflow_elements, uniq_iyjb

Skill      XL: |  1  2  3  4 |
---------------+-------------+-----
Shields        | 4 |  4.1
Axes           | 3 |  3.0
Dodging        | 1 |  1.0
Fighting       | |  3.7
Armour         | |  3.8

Action                   |  1- 3 |  4- 6 || total
-------------------------+-------+-------++-------
Melee: War axe           |    84 |    59 ||   143
  Use: Potion            |       |     2 ||     2
  Eat: Chunk             |       |     3 ||     3
